AoeStats
← Leão

Arabia

503710333Analyzed
1v1 RM · 1mo ago on Sep 1, 2026· 38m 20s· 2 players
Game mode
Random Map
Map size
Tiny (2 player)
Population
200
Speed
Normal
Resources
Standard
Victory
Conquest
Starting age
Dark Age
Ending age
Imperial Age
RankedLock teamsTeams togetherTeam positionsShared explorationLock speedFull tech treeHidden civsTurbo modeCheats
Victory
Defeat
🇧🇷 Magyars · Brazil
1248
+14
🇫🇷 Italians · France
1202
-14
Valwe
5:40 Loom
9:29 Feudal Age
22:07 Castle Age
20:33 Horse Collar
20:39 Double-Bit Axe
22:05 Gold Mining
22:46 Elite Skirmisher
25:00 Thumb Ring
24:58 Padded Archer Armor
24:49 Fletching
25:02 Padded Archer Armor
24:39 Crossbowman
27:58 Bodkin Arrow
29:13 Leather Archer Armor
30:35 Stone Mining
30:38 Pikeman
31:53 Ballistics
Leão
7:14 Loom
9:42 Feudal Age
10:17 Double-Bit Axe
15:50 Fletching
22:59 Castle Age
21:44 Bloodlines
21:44 Gold Mining
21:40 Horse Collar
22:38 Scale Barding Armor
24:56 Bow Saw
25:20 Husbandry
27:31 Elite Skirmisher
28:16 Padded Archer Armor
30:01 Wheelbarrow
32:01 Town Watch
32:58 Chain Barding Armor
32:54 Bodkin Arrow
33:54 Hand Cart
34:44 Leather Archer Armor
34:36 Stone Mining
38:47 Ballistics
41:30 Imperial Age
Connection lost

Rejoining the realm…

Still unreachable

The connection could not be restored.

Session expired

The server has moved on; the page needs a fresh start.